[Event "Titled Tuesday Blitz July 11 Early 2023"]
[White "Papasimakopoulos, Alexandros"]
[Black "cedchass2006"]
[WhiteFideId "4244125"]
[WhiteElo "2729"]
[BlackElo "2397"]
[Result "1-0"]
[Round "2"]
[TimeControl "180+2"]
[Date "2023.07.11"]
[WhiteClock "0:01:43"]
[BlackClock "0:00:08"]
[Board "130"]

1. d4 Nf6 2. c4 e6 3. Nc3 Bb4 4. Qb3 c5 5. dxc5 Na6 6. a3 Bxc3+ 7. Qxc3 Nxc5 8. f3 d5 9. cxd5 Qxd5 10. e4 Qc6 11. Be3 Ncd7 12. Qxc6 bxc6 13. Ne2 Bb7 14. Nc3 Nb6 15. Be2 O-O-O 16. Kf2 Nfd7 17. Rhc1 f6 18. b4 Kb8 19. a4 Ne5 20. Bf4 Nd7 21. a5 g5 22. Bg3 f5 23. exf5 exf5 24. f4 gxf4 25. Bxf4 Rhe8 26. a6 Ba8 27. Na4 Kc8 28. Rab1 Ng6 29. Bg5 Ne7 30. Bh5 Nf6 31. Bxf6 Rd2+ 32. Ke3 Ra2 33. Bxe8 Nd5+ 34. Kd4 Nxf6 35. Bxc6 Bxc6 36. Rxc6+ Kd7 37. Rxf6 Rxa4 38. Rf7+ Ke6 39. Rxa7 f4 40. Kc5 Ra2 41. Ra8 Ke5 42. a7 Rxa7 43. Rxa7 f3 44. gxf3 h5 45. Rf7 h4 46. Re1# 1-0


[Site "https://www.chess.com"]

[Event "Titled Tuesday Blitz July 11 Early 2023"]
[White "Rian, Kapriaga"]
[Black "Gunina, Valentina"]
[WhiteFideId "7103263"]
[BlackFideId "4167570"]
[WhiteElo "2394"]
[BlackElo "2727"]
[Result "0-1"]
[Round "2"]
[TimeControl "180+2"]
[Date "2023.07.11"]
[WhiteClock "0:00:00"]
[BlackClock "0:00:27"]
[Board "131"]

1. d4 d5 2. Nf3 Nf6 3. Bf4 c5 4. e3 Nc6 5. Nbd2 cxd4 6. exd4 Bf5 7. c3 e6 8. Bb5 Bd6 9. Bg3 O-O 10. O-O Bxg3 11. hxg3 Qb6 12. Bxc6 bxc6 13. b4 a5 14. a3 h6 15. Re1 Ra7 16. Nb3 axb4 17. axb4 Rfa8 18. Rxa7 Rxa7 19. Na5 Ne4 20. Qc1 c5 21. dxc5 Nxc5 22. Qe3 Qc7 23. Nd4 Nd3 24. Nb5 Qd7 25. Nxa7 Nxe1 26. N7c6 Nc2 27. Qe5 f6 28. Qb8+ Kh7 29. b5 d4 30. cxd4 Nxd4 31. Nxd4 Qxd4 32. Qf4 Qa1+ 33. Kh2 Qxa5 34. g4 Bg6 35. Qc4 Qb6 36. f4 Be8 37. Qd3+ Kg8 38. f5 exf5 39. gxf5 Qxb5 40. Qe4 Qe5+ 41. Qxe5 fxe5 42. Kg3 Kf7 43. Kf3 Kf6 44. g4 Bc6+ 45. Ke3 Kg5 46. f6 gxf6 0-1


[Site "https://www.chess.com"]

[Event "Titled Tuesday Blitz July 11 Early 2023"]
[White "Weetik, Vjacheslav"]
[Black "Ahn, Hongjin"]
[WhiteFideId "4153472"]
[BlackFideId "13201492"]
[WhiteElo "2712"]
[BlackElo "2393"]
[Result "1-0"]
[Round "2"]
[TimeControl "180+2"]
[Date "2023.07.11"]
[WhiteClock "0:00:03"]
[BlackClock "0:00:00"]
[Board "132"]

1. d4 Nf6 2. c4 g6 3. Nc3 Bg7 4. e4 O-O 5. Nf3 d6 6. Be2 Bg4 7. Be3 Nfd7 8. Ng1 Bxe2 9. Ngxe2 e5 10. d5 f5 11. f3 Bh6 12. Qd2 Bxe3 13. Qxe3 Na6 14. O-O-O Nac5 15. h4 a5 16. h5 f4 17. Qg1 g5 18. h6 a4 19. Kb1 Nb6 20. g3 Kh8 21. gxf4 exf4 22. Nd4 Nxc4 23. Nf5 Qf6 24. Qd4 Ne5 25. Rhf1 Ra6 26. Nb5 Rf7 27. Rc1 Rb6 28. Rxc5 dxc5 29. Qxc5 Nd7 30. Qc4 c6 31. Nc3 Ne5 32. Qd4 a3 33. Qxb6 Nc4 34. Qf2 axb2 35. Nd4 Qe5 36. Rd1 c5 37. Ndb5 b6 38. d6 Rd7 39. Qe2 Ne3 40. Rd2 g4 41. fxg4 Qe6 42. Rxb2 Nc4 43. Nd5 Ne5 44. Nxf4 Qf6 45. Nd5 Qg6 46. a3 Qxh6 47. Ka2 Qe6 48. Qf1 Rf7 49. Qe2 c4 50. Ndc3 Nd3 51. Rd2 Nc5 52. Qe3 Rd7 53. Qd4+ Kg8 54. Nd5 Rf7 55. g5 Nd7 56. Kb2 Nc5 57. Ne7+ Rxe7 58. dxe7 Na4+ 59. Kc2 Qxe7 60. Qd8+ Qxd8 61. Rxd8+ Kf7 62. Rd7+ Kg6 63. e5 Nc5 64. Rd6+ Kxg5 65. Rxb6 Kf5 66. e6 Nxe6 67. Nd6+ Kf6 68. Nxc4 Kf5 69. a4 h5 70. Rb5+ Kg6 71. Ne5+ Kg7 72. Nf3 h4 73. Rb7+ Kf8 74. Nxh4 Nc5 75. Ra7 Ke8 76. a5 Kd8 77. Nf5 Kc8 78. Nd4 Kb8 79. Nc6+ Kc8 80. a6 Ne6 81. Rh7 1-0


[Site "https://www.chess.com"]

[Event "Titled Tuesday Blitz July 11 Early 2023"]
[White "Timmermans, Mark"]
[Black "Rios Escobar, Adan"]
[WhiteFideId "1026399"]
[BlackFideId "3403645"]
[WhiteElo "2697"]
[BlackElo "2389"]
[Result "0-1"]
[Round "2"]
[TimeControl "180+2"]
[Date "2023.07.11"]
[WhiteClock "0:01:02"]
[BlackClock "0:00:08"]
[Board "133"]

1. e4 c5 2. Nf3 d6 3. d4 cxd4 4. Nxd4 Nf6 5. Nc3 a6 6. Be3 e5 7. Nb3 Be7 8. f3 Be6 9. Qd2 h5 10. Nd5 Nxd5 11. exd5 Bf5 12. c4 a5 13. Be2 a4 14. Nc1 O-O 15. O-O Nd7 16. Nd3 Qa5 17. Rfc1 Qxd2 18. Bxd2 Rfc8 19. Nf2 Bg6 20. b4 f5 21. a3 Bf6 22. Rab1 e4 23. fxe4 fxe4 24. Be3 b6 25. g4 h4 26. g5 Be5 27. Bg4 Ra7 28. Be6+ Kh7 29. Ng4 Re8 30. Bxd7 Rxd7 31. Nxe5 Rxe5 32. Bxb6 e3 33. Kf1 Rf7+ 34. Ke2 Rf2+ 35. Ke1 Bd3 36. Bxe3 Re2+ 37. Kd1 R5xe3 38. Ra1 Rf3 0-1


[Site "https://www.chess.com"]

[Event "Titled Tuesday Blitz July 11 Early 2023"]
[White "GAO"]
[Black "Amilal Munkhdalai"]
[BlackFideId "4903250"]
[WhiteElo "2388"]
[BlackElo "2696"]
[Result "0-1"]
[Round "2"]
[TimeControl "180+2"]
[Date "2023.07.11"]
[WhiteClock "0:00:05"]
[BlackClock "0:00:59"]
[Board "134"]

1. e4 c5 2. Nf3 Nc6 3. Bb5 e6 4. O-O Qc7 5. Re1 a6 6. Bf1 Nge7 7. c3 d5 8. exd5 Nxd5 9. d4 cxd4 10. Nxd4 Nxd4 11. Qxd4 Nf6 12. Bf4 Qc6 13. Nd2 Be7 14. Nc4 O-O 15. Ne5 Qd5 16. Rad1 b5 17. Qxd5 Nxd5 18. Bg3 Bb7 19. Be2 Nf6 20. Nd7 Rfd8 21. Nxf6+ Bxf6 22. Bc7 Rdc8 23. Bb6 Bd5 24. a4 bxa4 25. Ra1 Rcb8 26. Bd4 Bxd4 27. cxd4 Rb4 28. Bd1 Rxb2 29. Rxa4 a5 30. Be2 Rb4 31. Rea1 Rxa4 32. Rxa4 Kf8 33. f3 Ke7 34. Kf2 Kd6 35. Ke3 Kc6 36. Kd3 Kb5 37. Ra1 Bc4+ 38. Ke3 Bxe2 39. Kxe2 Kc4 40. Ke3 a4 41. Rc1+ Kd5 42. Rc5+ Kd6 43. Rc2 a3 44. Ra2 Kd5 45. Kd3 Ra4 46. Kc3 h5 47. Ra1 a2 48. Kb3 Ra7 49. Kc3 h4 50. Kd3 Ra3+ 51. Kc2 Kxd4 52. Kb2 Ra7 53. Rd1+ Ke3 54. Ka1 e5 55. Rc1 Kf2 56. Rc2+ Kg1 57. h3 Kh2 58. Rb2 Kg3 59. Re2 f6 60. Rc2 Ra4 61. Re2 Rd4 62. Kxa2 Rd1 63. Re4 Kxg2 64. Rxh4 Kxf3 65. Rg4 g5 66. Kb2 Rh1 67. Rb4 Rxh3 68. Rb6 f5 69. Kc2 e4 70. Kd2 Rh2+ 71. Ke1 f4 72. Kf1 e3 73. Kg1 Rd2 74. Rb3 g4 75. Ra3 Rd1+ 76. Kh2 g3+ 77. Kh3 Rh1# 0-1


[Site "https://www.chess.com"]

[Event "Titled Tuesday Blitz July 11 Early 2023"]
[White "Romero Ruscalleda, Josep"]
[Black "djokovic74"]
[WhiteFideId "2231859"]
[WhiteElo "2387"]
[BlackElo "2695"]
[Result "0-1"]
[Round "2"]
[TimeControl "180+2"]
[Date "2023.07.11"]
[WhiteClock "0:00:24"]
[BlackClock "0:00:45"]
[Board "135"]

1. e4 e5 2. Nf3 Nf6 3. Nxe5 d6 4. Nf3 Nxe4 5. Nc3 Nxc3 6. dxc3 Be7 7. Bf4 O-O 8. Qd2 Nd7 9. Bd3 Nc5 10. h3 Bf6 11. O-O-O Nxd3+ 12. cxd3 Bd7 13. d4 b5 14. Bg5 a5 15. Bxf6 Qxf6 16. Qg5 Qxg5+ 17. Nxg5 Bf5 18. g4 Bd7 19. f4 f6 20. Ne4 Rfe8 21. Rhe1 Kf7 22. Ng3 Bc6 23. Kd2 Bg2 24. Rg1 Bxh3 25. Ne2 f5 26. gxf5 Bxf5 27. Rg5 g6 28. Rdg1 Kf6 29. Rh1 h5 30. Rhg1 Re4 31. Ng3 Rxf4 32. Nxf5 gxf5 33. Rg6+ Kf7 34. Rg7+ Ke6 35. Rxc7 Rf2+ 36. Kd3 Kf6 37. Rd7 Re8 38. Rxd6+ Kf7 39. Rd5 h4 40. Rxb5 h3 41. Rb7+ Re7 42. Rxe7+ Kxe7 43. Rg3 h2 44. Rh3 Rf3+ 45. Rxf3 h1=Q 46. Rxf5 Qb1+ 47. Kc4 Qxf5 0-1


[Site "https://www.chess.com"]

[Event "Titled Tuesday Blitz July 11 Early 2023"]
[White "Diaz Perez, Michel Alejandro"]
[Black "Prydun, Andriy"]
[WhiteFideId "3517179"]
[BlackFideId "14145898"]
[WhiteElo "2689"]
[BlackElo "2384"]
[Result "1-0"]
[Round "2"]
[TimeControl "180+2"]
[Date "2023.07.11"]
[WhiteClock "0:00:30"]
[BlackClock "0:00:03"]
[Board "137"]

1. e4 c5 2. Nf3 d6 3. Nc3 a6 4. d4 cxd4 5. Nxd4 e5 6. Nf3 Nc6 7. Bc4 Be7 8. O-O Nf6 9. Bg5 Be6 10. Bb3 Rc8 11. Bxf6 gxf6 12. Nd5 f5 13. exf5 Bxf5 14. Qe2 Rg8 15. Rfe1 Bg4 16. c3 Rg6 17. Ne3 Be6 18. Rad1 Qd7 19. Nd5 Bd8 20. Nd2 Bg4 21. f3 Bh3 22. g3 h5 23. Bc2 f5 24. Nc4 h4 25. Ncb6 Qh7 26. Nxc8 hxg3 27. Nxd6+ Kf8 28. Bxf5 gxh2+ 29. Kh1 Rg1+ 30. Rxg1 Bxf5 31. Nxf5 hxg1=Q+ 32. Kxg1 Qxf5 33. Qg2 Ne7 34. Nxe7 Bb6+ 35. Kf1 Kxe7 36. Qg4 Qc2 37. Qd7+ Kf6 38. Rd6+ Kg5 39. Qg4# 1-0


[Site "https://www.chess.com"]

[Event "Titled Tuesday Blitz July 11 Early 2023"]
[White "Mayaud, Raphael"]
[Black "Bykhovsky, Anatoly"]
[WhiteFideId "627151"]
[BlackFideId "2806991"]
[WhiteElo "2383"]
[BlackElo "2683"]
[Result "0-1"]
[Round "2"]
[TimeControl "180+2"]
[Date "2023.07.11"]
[WhiteClock "0:00:06"]
[BlackClock "0:01:23"]
[Board "138"]

1. d4 Nf6 2. Bg5 c5 3. d5 e6 4. Nc3 h6 5. Bxf6 Qxf6 6. e4 a6 7. Nf3 b5 8. e5 Qd8 9. dxe6 dxe6 10. Qxd8+ Kxd8 11. O-O-O+ Kc7 12. Ne4 Bb7 13. Nd6 Bxf3 14. gxf3 Bxd6 15. Rxd6 Nd7 16. f4 g5 17. Bg2 gxf4 18. Bxa8 Rxa8 19. Rg1 Nxe5 20. Rdd1 Ng6 21. Rd3 h5 22. Rgd1 Ne5 23. Rh3 Rh8 24. Rg1 Kd6 25. Rg5 h4 26. b3 b4 27. Kd2 Kd5 28. Ke2 Ke4 29. f3+ Kd4 30. Kd2 a5 31. Rg7 a4 32. Rg5 axb3 33. axb3 Ra8 34. Rxh4 Nxf3+ 0-1


[Site "https://www.chess.com"]

[Event "Titled Tuesday Blitz July 11 Early 2023"]
[White "Barbot, Pierre"]
[Black "Lavrik, Dmitry"]
[WhiteFideId "663727"]
[BlackFideId "24113190"]
[WhiteElo "2379"]
[BlackElo "2670"]
[Result "0-1"]
[Round "2"]
[TimeControl "180+2"]
[Date "2023.07.11"]
[WhiteClock "0:00:01"]
[BlackClock "0:00:08"]
[Board "139"]

1. d4 Nf6 2. c4 g6 3. Nc3 d5 4. cxd5 Nxd5 5. e4 Nxc3 6. bxc3 Bg7 7. Bc4 c5 8. Ne2 Nc6 9. Be3 cxd4 10. cxd4 b5 11. Bd5 Bb7 12. O-O O-O 13. Rc1 Rc8 14. Qd2 Qa5 15. Qxa5 Nxa5 16. Bxb7 Nxb7 17. Nc3 Nd6 18. e5 Nf5 19. Nxb5 Nxe3 20. fxe3 Bh6 21. Kf2 Rb8 22. a4 a6 23. Nc7 Rb3 24. Rfe1 Rc8 25. Nd5 Rxc1 26. Rxc1 e6 27. Nf6+ Kg7 28. Rc8 Bxe3+ 29. Ke2 Bxd4 30. Rg8+ Kh6 31. Ng4+ Kg5 32. h3 h5 33. Nf6 Bxe5 34. Ne4+ Kf5 35. Nc5 Rb2+ 36. Kd3 a5 37. g4+ hxg4 38. hxg4+ Kxg4 39. Ke4 Bf4 40. Rf8 Rb4+ 41. Kd3 Bd6 42. Rxf7 Bxc5 43. Rf6 Rd4+ 44. Kc3 Re4 45. Rxg6+ Kf5 46. Rg8 Bb4+ 47. Kd3 Rh4 48. Rf8+ Ke5 49. Rd8 Rh3+ 50. Ke2 Ke4 0-1


[Site "https://www.chess.com"]

[Event "Titled Tuesday Blitz July 11 Early 2023"]
[White "Ahmad, Khagan"]
[Black "Llanos, Guillermo"]
[WhiteFideId "13431552"]
[BlackFideId "100358"]
[WhiteElo "2647"]
[BlackElo "2377"]
[Result "0-1"]
[Round "2"]
[TimeControl "180+2"]
[Date "2023.07.11"]
[WhiteClock "0:00:01"]
[BlackClock "0:00:12"]
[Board "140"]

1. Nf3 d5 2. d4 Nf6 3. c4 e6 4. Nc3 a6 5. cxd5 exd5 6. Bg5 Be6 7. e3 Nbd7 8. Bd3 c6 9. O-O Bd6 10. h3 Qc7 11. Qd2 h6 12. Bf4 Bxf4 13. exf4 g6 14. f5 gxf5 15. Nh4 Ne4 16. Qe2 Qf4 17. g3 Qg5 18. Ng2 O-O-O 19. h4 Qg7 20. Nf4 Qxd4 21. Rad1 Qf6 22. Nxe4 fxe4 23. Bxa6 bxa6 24. Qxa6+ Kc7 25. Rc1 Nb8 26. Qa7+ Kd6 27. Qc5+ Kd7 28. b4 Ke8 29. b5 cxb5 30. Nh5 Qe7 31. Qd4 Rg8 32. Nf6+ Kf8 33. Nh7+ Ke8 34. Nf6+ Kf8 35. Nxg8 Kxg8 36. Rc5 b4 37. Rfc1 Nd7 38. Rc7 Qf6 39. Qe3 Re8 40. Rc8 Rxc8 41. Rxc8+ Kg7 42. Rc1 Ne5 43. Rb1 Nd3 44. Rf1 Bg4 45. Rb1 Bf3 46. Kh2 d4 47. Qd2 Bg4 48. Rf1 Qf3 49. Kg1 Bh3 50. Rc1 Qg2# 0-1


[Site "https://www.chess.com"]

[Event "Titled Tuesday Blitz July 11 Early 2023"]
[White "Harriott, Tyrell"]
[Black "Haug, Havard"]
[WhiteFideId "2086484"]
[BlackFideId "1547887"]
[WhiteElo "2377"]
[BlackElo "2637"]
[Result "0-1"]
[Round "2"]
[TimeControl "180+2"]
[Date "2023.07.11"]
[WhiteClock "0:00:40"]
[BlackClock "0:01:39"]
[Board "141"]

1. d4 d5 2. e3 c5 3. c3 Nf6 4. Bd3 g6 5. f4 Nc6 6. Nf3 cxd4 7. exd4 Bf5 8. O-O Bxd3 9. Qxd3 Ne4 10. Nbd2 f5 11. Ne5 Bg7 12. Qb5 Bxe5 13. fxe5 Qd7 14. Nxe4 dxe4 15. Bh6 O-O-O 16. a4 Qd5 17. Qe2 Rhg8 18. Qe3 Rd7 19. a5 a6 20. b4 Qc4 21. Rad1 e6 22. Bg5 Ne7 23. Bxe7 Rxe7 24. Rc1 Rc7 25. Qg5 Qb3 26. Qf6 Re8 27. Qh4 Rxc3 28. Qxh7 e3 29. Qxg6 Rd8 30. Rxc3+ Qxc3 31. Qxe6+ Kb8 32. Qe7 Rc8 33. Qd6+ Ka8 34. g4 e2 35. g5 exf1=Q+ 36. Kxf1 Qf3+ 37. Ke1 Qe3+ 38. Kf1 Rc1+ 39. Kg2 Rg1# 0-1


[Site "https://www.chess.com"]

[Event "Titled Tuesday Blitz July 11 Early 2023"]
[White "Fiorito, Joaquin"]
[Black "Makhmudov, Shukhrat"]
[WhiteFideId "180173"]
[BlackFideId "14200775"]
[WhiteElo "2630"]
[BlackElo "2376"]
[Result "1-0"]
[Round "2"]
[TimeControl "180+2"]
[Date "2023.07.11"]
[WhiteClock "0:01:28"]
[BlackClock "0:01:28"]
[Board "142"]

1. d4 Nf6 2. c4 e6 3. Nc3 Bb4 4. e3 c5 5. Ne2 Nc6 6. a3 Bxc3+ 7. Nxc3 d6 8. b4 cxb4 9. axb4 O-O 10. b5 Ne7 11. Be2 b6 12. Bf3 d5 13. c5 Qc7 14. c6 a5 15. O-O e5 16. dxe5 Qxe5 17. Bb2 Be6 18. Na4 Qc7 19. Bxf6 gxf6 20. Qd4 Nf5 21. Qxf6 Nd6 22. Rab1 Bf5 23. Rb2 Be4 24. Rd1 Nc4 25. Bxe4 dxe4 26. Rd5 h6 27. Qxh6 f6 28. Rd7 Qxd7 29. cxd7 Nxb2 30. Nxb2 Rad8 31. Qg6+ Kh8 32. Qh5+ Kg7 33. Qg4+ Kf7 34. Nc4 Rb8 35. Qxe4 Rfd8 36. Nd6+ 1-0


[Site "https://www.chess.com"]

[Event "Titled Tuesday Blitz July 11 Early 2023"]
[White "Mejia, Cherry Ann"]
[Black "Ezat, Mohamed"]
[WhiteFideId "5206880"]
[BlackFideId "10600906"]
[WhiteElo "2375"]
[BlackElo "2611"]
[Result "0-1"]
[Round "2"]
[TimeControl "180+2"]
[Date "2023.07.11"]
[WhiteClock "0:00:00"]
[BlackClock "0:01:13"]
[Board "143"]

1. e4 g6 2. Nc3 Bg7 3. d4 c6 4. Be3 d5 5. Qd2 dxe4 6. Nxe4 Nf6 7. Nxf6+ Bxf6 8. Bc4 Qb6 9. c3 O-O 10. h4 Nd7 11. h5 c5 12. hxg6 hxg6 13. Qc2 Bg7 14. dxc5 Nxc5 15. b4 Qc6 16. f3 Bf5 17. Qb2 Nd3+ 18. Bxd3 Bxd3 19. Rc1 Rac8 20. Bd2 Rfd8 21. Nh3 Qe6+ 22. Kf2 Qe2+ 23. Kg1 Qe5 24. Nf4 Bc4 0-1


[Site "https://www.chess.com"]

[Event "Titled Tuesday Blitz July 11 Early 2023"]
[White "Souleidis, Georgios"]
[Black "Ncatt"]
[WhiteFideId "4206827"]
[WhiteElo "2605"]
[BlackElo "2375"]
[Result "1-0"]
[Round "2"]
[TimeControl "180+2"]
[Date "2023.07.11"]
[WhiteClock "0:00:50"]
[BlackClock "0:00:39"]
[Board "144"]

1. e4 c5 2. Nf3 Nc6 3. Bc4 d6 4. O-O g6 5. Re1 Bg7 6. c3 Nf6 7. d3 O-O 8. a4 Bg4 9. Nbd2 Ne5 10. h3 Bxf3 11. Nxf3 Nxc4 12. dxc4 Qc7 13. Bf4 e5 14. Bg5 Nh5 15. Qd5 h6 16. Be3 Kh7 17. g4 Nf6 18. Qd3 Qc6 19. Nd2 Ng8 20. Nf1 Bf6 21. b3 Bg5 22. Rad1 Rad8 23. Bxg5 hxg5 24. Ne3 Ne7 25. Nd5 Ng8 26. Qe3 f6 27. Rd2 Kg7 28. Red1 Rd7 29. Qd3 Rfd8 30. Ra2 Ne7 31. b4 b6 32. b5 Qb7 33. a5 Nc8 34. axb6 Nxb6 35. Ra6 Nc8 36. Qf3 Rf7 37. Rda1 Qd7 38. Rc6 f5 39. Rc7 fxg4 40. Rxd7 gxf3 41. Rxd8 1-0


[Site "https://www.chess.com"]

[Event "Titled Tuesday Blitz July 11 Early 2023"]
[White "Bueno, Alfeu Junior Varela"]
[Black "Domingo Nunez, Ruben"]
[WhiteFideId "2108879"]
[BlackFideId "22245570"]
[WhiteElo "2374"]
[BlackElo "2602"]
[Result "1-0"]
[Round "2"]
[TimeControl "180+2"]
[Date "2023.07.11"]
[WhiteClock "0:01:11"]
[BlackClock "0:02:25"]
[Board "145"]

1. e4 a6 2. d4 h6 3. Bd3 g6 4. f4 Bg7 5. f5 d6 6. fxg6 fxg6 7. e5 dxe5 8. Bxg6+ Kf8 9. Qf3+ Bf6 10. dxe5 Kg7 11. Bh5 Qd4 12. exf6+ Nxf6 13. Ne2 Qe5 14. Qg3+ Qxg3+ 15. Nxg3 Nc6 16. c3 Ne5 17. O-O Be6 18. Bf3 Rad8 19. Bf4 Nd3 20. Bxc7 Rd7 21. Bb6 Nxb2 22. Bd4 Kh7 23. Bxf6 exf6 24. Ne4 Kg7 25. Nc5 Rd6 26. Nxe6+ Rxe6 27. Nd2 Rc8 28. Rab1 Na4 29. Rxb7+ Kg6 30. Be4+ Kg5 31. Bf5 1-0


[Site "https://www.chess.com"]

[Event "Titled Tuesday Blitz July 11 Early 2023"]
[White "Ovchinnikov, Vsevolod"]
[Black "Seletsky, Grigory"]
[WhiteFideId "24176842"]
[BlackFideId "14112191"]
[WhiteElo "2599"]
[BlackElo "2373"]
[Result "1-0"]
[Round "2"]
[TimeControl "180+2"]
[Date "2023.07.11"]
[WhiteClock "0:00:09"]
[BlackClock "0:00:06"]
[Board "146"]

1. d4 c5 2. d5 e5 3. e4 d6 4. Nc3 Nf6 5. Bb5+ Nbd7 6. a4 Be7 7. Nf3 O-O 8. O-O Ne8 9. Bd3 g6 10. Bh6 Ng7 11. Qd2 f5 12. Ng5 Nf6 13. f4 Ng4 14. Bxg7 Kxg7 15. Ne6+ Bxe6 16. dxe6 exf4 17. exf5 Bf6 18. Ne2 g5 19. g3 d5 20. c3 c4 21. Bb1 Qb6+ 22. Kh1 Ne3 23. Rf3 d4 24. Be4 dxc3 25. bxc3 Rad8 26. Qa2 Qc5 27. gxf4 Nxf5 28. fxg5 Bxg5 29. Rg1 h6 30. Bxf5 Rxf5 31. Rxf5 Qxf5 32. Nd4 Qe4+ 33. Qg2 Rxd4 34. cxd4 Qxe6 35. Qxb7+ Kg6 36. Qf3 Qd6 37. h4 Qxd4 38. hxg5 Qh4+ 39. Kg2 hxg5 40. Rf1 Qd4 41. Qf7+ Kh6 42. Rf6+ Qxf6 43. Qxf6+ Kh5 44. Qc3 1-0


[Site "https://www.chess.com"]

[Event "Titled Tuesday Blitz July 11 Early 2023"]
[White "Ince, Taylan Ruzgar"]
[Black "Goldin, Roman"]
[WhiteFideId "44513089"]
[BlackFideId "2803860"]
[WhiteElo "2596"]
[BlackElo "2371"]
[Result "0-1"]
[Round "2"]
[TimeControl "180+2"]
[Date "2023.07.11"]
[WhiteClock "0:00:58"]
[BlackClock "0:00:25"]
[Board "147"]

1. c4 e5 2. Nc3 Nf6 3. Nf3 Nc6 4. g3 d5 5. cxd5 Nxd5 6. Bg2 Nb6 7. O-O Be7 8. d3 Be6 9. Be3 O-O 10. Rc1 Qd7 11. a3 Rfd8 12. b4 f6 13. Ne4 Nd5 14. Bd2 Rac8 15. Nc5 Bxc5 16. Rxc5 Nce7 17. Qb1 Bh3 18. Rfc1 Bxg2 19. Kxg2 c6 20. a4 b6 21. R5c2 Qe6 22. Qb3 Nf4+ 23. gxf4 Qxb3 24. fxe5 fxe5 25. Rc4 Qxa4 26. Nxe5 Qb5 27. Nf3 Qd5 28. Rg4 Rf8 29. Bc3 g6 30. e4 Qxd3 31. Ne5 Qe2 32. Bd4 c5 33. bxc5 Nc6 0-1


[Site "https://www.chess.com"]

[Event "Titled Tuesday Blitz July 11 Early 2023"]
[White "Garagulya, Konstantin"]
[Black "Janaszak, Dawid"]
[WhiteFideId "4128931"]
[BlackFideId "1119206"]
[WhiteElo "2369"]
[BlackElo "2592"]
[Result "1-0"]
[Round "2"]
[TimeControl "180+2"]
[Date "2023.07.11"]
[WhiteClock "0:02:25"]
[BlackClock "0:01:40"]
[Board "148"]

1. d4 Nf6 2. Nf3 g6 3. Nc3 Bg7 4. e4 d6 5. Bc4 O-O 6. e5 dxe5 7. Nxe5 Nc6 8. Nxc6 bxc6 9. O-O Nd5 10. Ne2 Rb8 11. c3 Be6 12. Bb3 a5 13. Ng3 Qc8 14. Re1 Rd8 15. Qe2 Bg4 16. Qe4 Nf4 17. Qxf4 Bd7 18. Qxf7+ Kh8 19. Rxe7 Rg8 20. Bh6 1-0


[Site "https://www.chess.com"]

[Event "Titled Tuesday Blitz July 11 Early 2023"]
[White "Fernandez, Michael"]
[Black "Piesik, Piotr"]
[WhiteFideId "5803560"]
[BlackFideId "1136194"]
[WhiteElo "2365"]
[BlackElo "2588"]
[Result "0-1"]
[Round "2"]
[TimeControl "180+2"]
[Date "2023.07.11"]
[WhiteClock "0:00:00"]
[BlackClock "0:01:16"]
[Board "149"]

1. e4 g6 2. d4 Bg7 3. Be3 c6 4. Nf3 d6 5. h3 Nf6 6. Bd3 O-O 7. Qd2 Nbd7 8. Bh6 e5 9. Bxg7 Kxg7 10. Nc3 Re8 11. O-O-O b5 12. Rhe1 Qa5 13. Kb1 Nb6 14. Ne2 Qxd2 15. Rxd2 a6 16. c3 c5 17. Ng3 Bb7 18. d5 c4 19. Bc2 Nfd7 20. Nh2 a5 21. Rf1 b4 22. f4 exf4 23. Rxf4 Ne5 24. Nf3 Nxf3 25. Rxf3 Re7 26. Rdf2 Nd7 27. Rf4 Ne5 28. Ne2 Bc8 29. Nd4 Bd7 30. g4 Rb8 31. Kc1 Rh8 32. g5 h6 33. h4 hxg5 34. hxg5 Rh5 35. Rf6 Ng4 36. R2f4 Rxg5 37. Rxd6 Ne3 38. cxb4 axb4 39. Nc6 Bxc6 40. Rxc6 Ra7 41. Kd2 Rg2+ 42. Kxe3 Rxc2 43. e5 c3 44. Rxb4 Rxb2 45. Rbc4 Rb5 46. Kd4 Rxa2 47. Rxc3 Rd2+ 48. Rd3 Rxd3+ 49. Kxd3 Rxd5+ 50. Ke4 Rd1 51. Rc7 Re1+ 52. Kf4 Kh6 53. Rc8 Rf1+ 54. Ke4 Kg5 55. Rc2 Re1+ 56. Kd5 Rd1+ 57. Kc5 Kf5 58. Rf2+ Ke6 59. Rxf7 Kxf7 0-1


[Site "https://www.chess.com"]

[Event "Titled Tuesday Blitz July 11 Early 2023"]
[White "Ionescu, Mihai"]
[Black "MAHanif"]
[WhiteFideId "1202499"]
[WhiteElo "2583"]
[BlackElo "2365"]
[Result "1/2-1/2"]
[Round "2"]
[TimeControl "180+2"]
[Date "2023.07.11"]
[WhiteClock "0:00:30"]
[BlackClock "0:00:19"]
[Board "150"]

1. Nf3 d5 2. g3 Nf6 3. Bg2 g6 4. O-O Bg7 5. c4 O-O 6. cxd5 Nxd5 7. d3 e5 8. Nc3 c6 9. a3 Na6 10. Qc2 h6 11. b4 Nac7 12. Bb2 Re8 13. Rac1 a6 14. Na4 Nb5 15. Nc5 Nd4 16. Nxd4 exd4 17. Qc4 Nc3 18. Bxc3 dxc3 19. Qb3 Rxe2 20. Rfd1 Rb2 21. Qc4 Qd4 22. Ne4 Be6 23. Qxc3 f5 24. Qxd4 Bxd4 25. Nc5 Bxf2+ 26. Kf1 Bf7 27. Na4 Ra2 28. Nc3 Rb2 29. Na4 Ra2 30. Nc3 Rb2 31. Na4 1/2-1/2


[Site "https://www.chess.com"]

[Event "Titled Tuesday Blitz July 11 Early 2023"]
[White "chess123456s"]
[Black "K2JW"]
[WhiteElo "2581"]
[BlackElo "2364"]
[Result "1-0"]
[Round "2"]
[TimeControl "180+2"]
[Date "2023.07.11"]
[WhiteClock "0:00:51"]
[BlackClock "0:00:11"]
[Board "151"]

1. d4 d5 2. Nc3 Nf6 3. Bf4 e6 4. Nb5 Na6 5. e3 Be7 6. Nf3 O-O 7. h4 c6 8. Nc3 c5 9. h5 h6 10. Ne5 c4 11. g4 Bb4 12. f3 Nh7 13. a3 Be7 14. Bg3 Bd7 15. b3 cxb3 16. cxb3 Rc8 17. Qd2 Nb8 18. Bd3 Nc6 19. Nxd7 Qxd7 20. Kf2 Rfd8 21. Rhc1 Nf6 22. Ne2 Bd6 23. Kg2 Qe7 24. Bxd6 Qxd6 25. b4 e5 26. dxe5 Nxe5 27. Nd4 Nc4 28. Qe2 Re8 29. Nf5 Qe6 30. Kf2 Ne5 31. Bb5 Red8 32. Kg2 a6 33. Bd3 Nxd3 34. Qxd3 Nd7 35. Qd4 Rc4 36. Qxg7# 1-0


[Site "https://www.chess.com"]

[Event "Titled Tuesday Blitz July 11 Early 2023"]
[White "Buscar, Michael"]
[Black "Karttunen, Mika"]
[WhiteFideId "2603616"]
[BlackFideId "502081"]
[WhiteElo "2363"]
[BlackElo "2574"]
[Result "0-1"]
[Round "2"]
[TimeControl "180+2"]
[Date "2023.07.11"]
[WhiteClock "0:00:00"]
[BlackClock "0:00:08"]
[Board "152"]

1. d4 Nf6 2. c4 e6 3. Nc3 d5 4. Nf3 Bb4 5. g3 dxc4 6. Bg2 Nc6 7. O-O O-O 8. Bg5 h6 9. Bxf6 Qxf6 10. e4 Bxc3 11. bxc3 e5 12. d5 Na5 13. Qa4 b6 14. Nd2 Ba6 15. f4 Qd6 16. f5 Qc5+ 17. Kh1 Qe3 18. Qc2 Qd3 19. Qc1 Qe3 20. Qc2 Nb7 21. Nf3 Rae8 22. f6 g6 23. Nh4 Kh7 24. Rae1 Qc5 25. Bh3 Nd6 26. Qe2 Bc8 27. Bxc8 Rxc8 28. Qg4 Rg8 29. Qh3 Qb5 30. Re3 Qd7 31. g4 b5 32. Nf5 gxf5 33. gxf5 Rg5 34. Rg3 Rcg8 35. Rfg1 Nxe4 36. Rxg5 Nf2+ 37. Kg2 Nxh3 38. Rxg8 Kxg8 39. Kxh3+ Kf8 40. Rg7 Qxf5+ 41. Kh4 Qxf6+ 0-1


[Site "https://www.chess.com"]

[Event "Titled Tuesday Blitz July 11 Early 2023"]
[White "Becerra, Juan David"]
[Black "Fieberg, Samuel"]
[WhiteFideId "4404998"]
[BlackFideId "12901717"]
[WhiteElo "2574"]
[BlackElo "2363"]
[Result "0-1"]
[Round "2"]
[TimeControl "180+2"]
[Date "2023.07.11"]
[WhiteClock "0:00:00"]
[BlackClock "0:00:40"]
[Board "153"]

1. e4 e6 2. d4 d5 3. Nd2 c5 4. exd5 Qxd5 5. Ngf3 cxd4 6. Bc4 Qd6 7. O-O Nf6 8. Nb3 Nc6 9. Nbxd4 Nxd4 10. Nxd4 Be7 11. Be2 O-O 12. Bf3 e5 13. Nb5 Qxd1 14. Rxd1 e4 15. Be2 a6 16. Nc7 Ra7 17. Be3 b6 18. Nd5 Nxd5 19. Rxd5 Be6 20. Rd2 Rb8 21. c4 f5 22. Rad1 Kf7 23. g3 g5 24. b3 Rc7 25. f3 exf3 26. Bxf3 b5 27. Bd5 bxc4 28. bxc4 Bxd5 29. cxd5 Rd7 30. d6 Bf6 31. a3 Ke6 32. Bc5 Rc8 33. Re2+ Kf7 34. Kg2 Rxc5 0-1


[Site "https://www.chess.com"]